 Dungeon Crawl Stone Soup version 0.26-a0-851-g735459dd53 (webtiles) character file.

Game seed: 11334671849823326844

9756 Morbidden the Nimble (level 11, -3/53 (56) HPs)
             Began as a Spriggan Brigand on Nov 20, 2020.
             Was a Priest of Dithmenos.
             Slain by a manticore (21 damage)
             ... on level 10 of the Dungeon on Nov 21, 2020.
             The game lasted 00:44:17 (22321 turns).

Morbidden the Nimble (Spriggan Brigand)            Turns: 22321, Time: 00:44:17

HP:   -3/53 (56)    AC:  4    Str:  7    XL:     11   Next: 27%
MP:   23/23         EV: 26    Int: 16    God:    Dithmenos [***...]
Gold: 623           SH:  7    Dex: 21    Spells: 25/25 levels left

rFire    . . .     SeeInvis +   R - +3 scimitar (freeze)
rCold    . . .     Faith    .   u - +0 buckler
rNeg     . . .     Spirit   .   y - +0 troll leather armour
rPois    .         Reflect  .   (helmet restricted)
rElec    .         Harm     .   O - scarf {shadows}
rCorr    +         Rampage  .   (gloves unavailable)
MR       +....                  (boots unavailable)
Stlth    ++++++....             A - amulet of Thoughtfulness {RegenMP Dex+3}
HPRegen  0.57/turn              F - ring of resist corrosion
MPRegen  0.43/turn              (no ring)

@: wreathed by umbra, very quick
A: very small, unfitting armour, see invisible, speed 3
a: Shadow Step, Renounce Religion


You were on level 10 of the Dungeon.
You worshipped Dithmenos.
Dithmenos was most pleased with you.
You visited 1 branch of the dungeon, and saw 10 of its levels.

You collected 623 gold pieces.

Inventory:

Hand Weapons
 a - the +9 staff of Olgreb {rPois∞}
   (You found it on level 10 of the Dungeon)

   It grants immunity to poison.
 b - a +0 hunting sling
 x - a +0 dagger of speed
 Q - a +4 dagger
 R - a +3 scimitar of freezing (weapon)
Missiles
 e - 2 curare-tipped darts
 n - 2 throwing nets
 E - 125 sling bullets
 G - 149 stones
 J - 11 poisoned darts (quivered)
Armour
 u - a +0 buckler (worn)
 y - a +0 troll leather armour (worn)
 N - the +3 robe "Suttush" {rPois Regen+ Dex+3}
   (You took it off an orc on level 9 of the Dungeon)

   It affects your dexterity (+3).
   It protects you from poison.
   It increases your rate of regeneration.
 O - a scarf of shadows (worn)
Magical Staves
 C - an uncursed staff of conjuration
Jewellery
 A - the amulet of Thoughtfulness (around neck) {RegenMP Dex+3}
   (You found it on level 6 of the Dungeon)

   [amulet of magic regeneration]

   It increases your magic regeneration.
   It affects your dexterity (+3).
 F - a ring of resist corrosion (left hand)
Wands
 c - a wand of flame (13)
 d - a wand of enslavement (10)
 v - a wand of acid (8)
 H - a wand of paralysis (23)
 I - a wand of random effects (15)
Scrolls
 g - 5 scrolls of identify
 j - 7 scrolls of remove curse {unknown}
 k - 2 scrolls of immolation {unknown}
 l - 5 scrolls of amnesia
 p - a scroll of random uselessness {unknown}
 r - a scroll of teleportation
 t - a scroll of fog {unknown}
 w - 3 scrolls of blinking {unknown}
 B - 2 scrolls of enchant weapon {unknown}
 D - a scroll of brand weapon {unknown}
 K - a scroll of enchant armour {unknown}
Potions
 f - a potion of haste {unknown}
 h - 4 potions of curing
 i - 7 potions of flight
 m - 2 potions of ambrosia
 o - 3 potions of cancellation
 q - 6 potions of degeneration
 s - 5 potions of lignification {unknown}
 z - 2 potions of might
 L - 5 potions of brilliance
 M - a potion of magic
 P - a potion of heal wounds


   Skills:
 * Level 5.6 Fighting
 + Level 5.2(5.6) Short Blades
 + Level 2.1(3.3) Long Blades
 + Level 0.9 Staves
 + Level 6.8(8.5) Slings
 + Level 6.5(7.5) Throwing
 + Level 0.1 Armour
 * Level 10.7 Dodging
 + Level 9.6 Stealth
 + Level 3.0 Shields
 * Level 7.9 Spellcasting
 * Level 4.7 Invocations
 + Level 1.3 Evocations


You had 25 spell levels left.
You didn't know any spells.
Your spell library contained the following spells:

 Spells                   Type           Power        Failure   Level
 Sting                    Tmut/Pois      #...         22%         1
 Poisonous Vapours        Pois/Air       #.....       34%         2
 Ignite Poison            Fire/Tmut/Pois #.......     56%         3
 Mephitic Cloud           Conj/Pois/Air  #.......     56%         3
 Olgreb's Toxic Radiance  Pois           #.......     92%         4
 Bolt of Magma            Conj/Fire/Erth #.........   99%         5
 Iskenderun's Battlesphe  Conj           #.......     99%         5
 Iron Shot                Conj/Erth      #.........   100%        6
 Orb of Destruction       Conj           #.........   100%        7
 Spellforged Servitor     Conj/Summ      #.........   100%        7


Dungeon Overview and Level Annotations

Branches:
Dungeon (10/15)            Temple (0/1) D:7            Lair (0/6) D:8
    Orc: D:9-12

Altars:
Ashenzari
Cheibriados
Dithmenos
Gozag
Kikubaaqudgha
Makhleb
Okawaru
Qazlal
Sif Muna
Trog
Vehumet
Xom
Zin
The Shining One

Shops:
D:7 }

Annotations:
D:4 GriffinBabe's ghost, amateur MiBe
D:5 exclusion: upstairs
D:10 1 runed translucent door


Innate Abilities, Weirdness & Mutations

You are very small and have problems with some larger weapons.
You are too small for most types of armour.
You have supernaturally acute eyesight. (SInv)
You cover ground extremely quickly.


Message History

The manticore claws you. The manticore barely misses you.
You slash the manticore! You freeze the manticore.
The manticore is heavily wounded.
The manticore completely misses you.
You riposte.
You hit the manticore. You freeze the manticore.
The manticore is severely wounded.
The manticore misses you. x2
You closely miss the manticore.
The manticore is severely wounded.
The manticore bites you! You block the manticore's attack.
The manticore completely misses you.
Unknown command.
You hit the manticore. You freeze the manticore.
The manticore is almost dead.
The manticore misses you. The manticore completely misses you.
The manticore closely misses you.
You hit the manticore. You freeze the manticore.
The manticore is almost dead.
The manticore bites you!!
You die...

.....).##....D....##....# #.#
........##.......##.....# #.#
.........##.....##...[..# #.#
..........##...##...)...#####.###
...........##.##....)............
####.....####'####..)†#########..
#.....#....(..#....#.......#..
#.....#.⌠...⌠H#....#.......#..
#...###..⌠...@###..#.......###
#..##.'...⌠...'.##.#..........
##..#..#....⌠..#..#.#..........
#...#..#.⌠...⌠.#..#.#..........
#...#..#.......#..#.##.........
#...##'#########(##..#.........
#....#...##8##†..#...#.........
#....##..'...'..##...#.##'#####
#....#.#.#8.8#.#.#...###.......


You could see a manticore.

Vanquished Creatures
  A two-headed ogre (D:8)
  An unseen horror (D:8)
  Psyche (D:8)
  A cyclops (D:10)
  2 trolls
  A hornet (D:7)
  Sigmund (D:3)
  A wyvern (D:6)
  6 soldier ants (D:10)
  4 water moccasins
  2 orc warriors
  4 ice beasts
  5 sky beasts
  A hornet zombie (D:8)
  An eye of draining (D:8)
  4 necrophages
  8 ogres
  3 phantoms
  7 centaurs
  A big kobold (D:10)
  3 bullfrogs
  A water moccasin zombie (D:7)
  4 scorpions
  6 killer bees (D:10)
  8 wights
  A howler monkey (D:8)
  4 bullfrog skeletons
  5 jellies
  5 gnoll shamans
  2 orc priests
  3 hounds
  A centaur skeleton (D:8)
  3 iguanas
  Ijyb (D:4)
  3 orc wizards
  13 worker ants
  A killer bee zombie (D:5)
  A hound skeleton (D:4)
  A mummy (D:7)
  A worker ant zombie (D:9)
  16 gnolls
  14 adders
  3 shadow imps
  2 white imps
  2 ufetubi
  3 adder skeletons
  4 worms
  2 dart slugs (D:1)
  6 leopard geckos
  29 orcs
  4 bats
  6 giant cockroaches
  10 goblins
  12 hobgoblins
  4 jackals
  3 quokkas
  2 ball pythons
  6 frilled lizards
  16 kobolds
  10 rats
276 creatures vanquished.

Vanquished Creatures (collateral kills)
  A wight (D:7)
  An orc wizard (D:7)
  A white imp (D:7)
  An orc (D:7)
4 creatures vanquished.

Vanquished Creatures (others)
  An orc warrior (D:8)
  6 fungi (D:8)
  17 plants (D:8)
  5 withered plants (D:7)
29 creatures vanquished.

Grand Total: 309 creatures vanquished

Notes
Turn   | Place    | Note
-------+----------+-------------------------------------------
     0 | D:1      | Morbidden the Spriggan Brigand began the quest for the Orb.
     0 | D:1      | Reached XP level 1. HP: 10/10 MP: 2/2
   405 | D:1      | Reached XP level 2. HP: 14/14 MP: 3/3
   883 | D:1      | Reached XP level 3. HP: 16/18 MP: 4/4
  1456 | D:2      | Reached skill level 2 in Dodging
  1605 | D:2      | Reached skill level 1 in Spellcasting
  1724 | D:2      | Reached XP level 4. HP: 20/23 MP: 6/6
  2225 | D:3      | Found a broken altar of Ashenzari.
  2829 | D:3      | Noticed Sigmund
  2883 | D:3      | Killed Sigmund
  2884 | D:3      | Reached skill level 3 in Dodging
  2884 | D:3      | Reached XP level 5. HP: 26/26 MP: 7/9
  2884 | D:3      | Reached XP level 6. HP: 30/30 MP: 7/10
  3012 | D:3      | Found a burning altar of Makhleb.
  3012 | D:3      | Noticed an Executioner
  3016 | D:3      | Noticed a hellwing
  3016 | D:3      | Noticed a hellwing
  3636 | D:4      | Found a transporter.
  3637 | D:4      | Found a transporter.
  3637 | D:4      | Noticed GriffinBabe's ghost (amateur MiBe)
  3797 | D:4      | Noticed Ijyb
  3811 | D:4      | Killed Ijyb
  4744 | D:5      | Entered Level 5 of the Dungeon
  4744 | D:5      | Noticed an ice beast
  4753 | D:5      | Noticed an ice beast
  5263 | D:5      | Killed an ice beast
  5264 | D:5      | Reached skill level 4 in Dodging
  5264 | D:5      | Reached XP level 7. HP: 35/35 MP: 12/12
  5282 | D:5      | Reached skill level 1 in Shields
  5942 | D:5      | Found a bloodstained altar of Trog.
  6031 | D:5      | Found a glowing silver altar of Zin.
  6376 | D:5      | Found a radiant altar of Vehumet.
  6531 | D:6      | Noticed a wyvern
  6935 | D:6      | Reached XP level 8. HP: 31/40 MP: 14/14
  6963 | D:6      | Reached skill level 5 in Dodging
  7544 | D:6      | Reached skill level 5 in Throwing
  7898 | D:6      | Found a shimmering altar of Xom.
  7984 | D:6      | Got a glittering zirconium amulet
  7997 | D:6      | Found a stormy altar of Qazlal.
  8009 | D:6      | Found an opulent altar of Gozag.
  8010 | D:6      | Identified the amulet of Thoughtfulness {RegenMP Dex+3}
                  | (You found it on level 6 of the Dungeon)
  8125 | D:6      | Found a shimmering blue altar of Sif Muna.
  8291 | D:6      | Reached skill level 6 in Dodging
  8410 | D:6      | Found a shadowy altar of Dithmenos.
  8537 | D:6      | Became a worshipper of Dithmenos the Shadowed
  8561 | D:7      | Found a snail-covered altar of Cheibriados.
  9581 | D:7      | Noticed a hornet
 10005 | D:7      | Found an ancient bone altar of Kikubaaqudgha.
 10834 | D:7      | Found a staircase to the Ecumenical Temple.
 10897 | D:7      | Reached skill level 1 in Evocations
 10919 | D:7      | Killed a hornet
 10920 | D:7      | Reached skill level 1 in Invocations
 11528 | D:7      | Reached skill level 7 in Dodging
 11528 | D:7      | Reached XP level 9. HP: 31/42 MP: 16/16
 11610 | D:7      | Reached skill level 1 in Slings
 11959 | D:7      | Paralysed by a wight for 7 turns
 11982 | D:7      | Paralysed by a wight for 5 turns
 12108 | D:7      | Found Izowekyj's Gadget Emporium.
 12324 | D:8      | Found a staircase to the Lair.
 12535 | D:8      | Noticed an unseen horror
 12536 | D:8      | Reached skill level 5 in Spellcasting
 12889 | D:8      | Noticed Psyche
 12900 | D:8      | Killed Psyche
 12901 | D:8      | Reached skill level 8 in Dodging
 13283 | D:8      | Noticed a skeletal warrior
 14286 | D:7      | Upgraded the game from 0.26-a0-849-gf1512cd430 to
                  | 0.26-a0-851-g735459dd53
 14635 | D:8      | Reached * piety under Dithmenos
 15138 | D:8      | Noticed a two-headed ogre
 15201 | D:8      | Killed a two-headed ogre
 15202 | D:8      | Reached skill level 9 in Dodging
 15202 | D:8      | Reached XP level 10. HP: 27/48 MP: 20/20
 16437 | D:8      | Killed an unseen horror
 16438 | D:8      | Reached skill level 5 in Short Blades
 16916 | D:8      | Found an iron altar of Okawaru.
 16916 | D:8      | Found a glowing golden altar of the Shining One.
 17031 | D:8      | Reached skill level 5 in Fighting
 17682 | D:8      | Reached skill level 5 in Slings
 18203 | D:8      | Reached skill level 10 in Dodging
 18999 | D:8      | Reached ** piety under Dithmenos
 19952 | D:9      | Identified the +3 robe "Suttush" {rPois Regen+ Dex+3}
 20863 | D:10     | Entered Level 10 of the Dungeon
 20930 | D:10     | Found a runed translucent door.
 20933 | D:10     | Found a runed translucent gate.
 20937 | D:10     | Found the +9 staff of Olgreb {rPois∞}
 21014 | D:10     | Found a runed translucent gate.
 21014 | D:10     | Found a runed translucent gate.
 21403 | D:10     | Reached XP level 11. HP: 53/53 MP: 23/23
 21426 | D:10     | Noticed a fire dragon
 21427 | D:10     | Noticed a centaur warrior
 21744 | D:10     | Found a runed translucent door.
 21785 | D:10     | Reached skill level 1 in Long Blades
 21987 | D:10     | Reached *** piety under Dithmenos
 22321 | D:10     | Slain by a manticore

Illustrated notes

Levels and vault maps discovered:
D:1:      dpeg_arrival_round_a, layout_basic
D:2:      cheibrodos_old_hovel, layout_basic
D:3:      layout_rooms, nicolae_overflow_crystal_walls,
          makhleb_altar_promises_db, uniq_sigmund
D:4:      layout_cave_pools, gammafunk_ghost_mausoleum, uniq_ijyb
D:5:      layout_rooms, bloody_trog, lemuel_doored_altar,
          lemuel_coloured_pillars_altar
D:6:      layout_basic, overflow_temple_1_default, lemuel_blue_sif_altar,
          grunt_qazlal_clouds, marbit_many_paths, general_overflow_altar,
          hangedman_decor_riveting
D:7:      layout_rooms, kennysheep_mini_moat, minmay_temple_entry_sparse_star,
          serial_shops, nicolae_shop_window_shopping, serial_undead,
          serial_undead_e, serial_undead_b, serial_undead_b, serial_undead_c,
          cheibriados_altar_1
D:8:      kennysheep_seaside_town, layout_basic,
          gammafunk_temple_overflow_elements, lair_entry_dummy,
          minmay_the_grid_2x2 [minmay_the_grid_spin_star, minmay_the_grid_doors,
          minmay_the_grid_empty, minmay_the_grid_prize_four_corners],
          uniq_psyche
D:9:      kennysheep_six_static_rooms, layout_small_grid
D:10:     minmay_chambers_of_sevens, layout_irregular_city,
          minmay_guarded_unrand_staff_of_olgreb

Skill      XL: |  1  2  3  4  5  6  7  8  9 10 11 |
---------------+----------------------------------+-----
Stealth        | 6 7 8 9 |  9.6
Dodging        | 2 3 4 7 9 10 | 10.7
Spellcasting   | 1 2 3 4 6 7 |  7.9
Short Blades   | 3 4 5 |  5.2
Fighting       | 2 3 4 5 |  5.6
Throwing       | 3 4 5 6 |  6.5
Shields        | 1 2 3 |  3.0
Evocations     | 1 |  1.3
Invocations    | 1 3 4 |  4.7
Slings         | 4 6 |  6.8
Long Blades    | 2 |  2.1
Staves         | |  0.9
Armour         | |  0.1

Action                   |  1- 3 |  4- 6 |  7- 9 | 10-12 || total
-------------------------+-------+-------+-------+-------++-------
Melee: Dagger            |   164 |   172 |   484 |   344 ||  1164
       Scimitar          |       |       |       |   184 ||   184
 Fire: Hunting sling     |       |       |   261 |   556 ||   817
Throw: Dart              |     5 |    85 |   174 |    42 ||   306
Evoke: Wand              |       |     7 |    16 |       ||    23
  Use: Scroll            |       |     3 |     1 |    10 ||    14
       Potion            |       |     2 |       |       ||     2
 Stab: Sleeping          |    11 |    12 |    10 |    12 ||    45
       Distracted        |       |       |     2 |     1 ||     3
Armor: Robe              |    16 |    16 |    25 |    12 ||    69
       Troll leather arm |       |       |       |    11 ||    11
Dodge: Dodged            |   108 |    88 |   416 |   562 ||  1174
Block: Buckler           |       |    15 |   147 |   242 ||   404
       Rpst.: Scimitar   |       |       |       |    55 ||    55

Table legend: (Time is in decaauts)
 A = Elapsed time spent in this place.
 B = Non-inter-level travel time spent in this place.
 C = Inter-level travel time spent in this place.
 D = Time resting spent in this place.
 E = Time spent auto-exploring this place.
 F = Levels seen in this place.
 G = Mean time per level.
                   A        B        C        D        E       F      G
               +--------+--------+--------+--------+--------+-----+--------+
         Total |  18314 |  17781 |    533 |   4637 |   8649 |  10 | 1831.4 |
       Dungeon |  18314 |  17781 |    533 |   4637 |   8649 |  10 | 1831.4 |
               +--------+--------+--------+--------+--------+-----+--------+

Top non-repeatable levels by time:
     D:6: 4128 daAuts
     D:8: 4104 daAuts
     D:7: 2494 daAuts
     D:4: 1937 daAuts
     D:5: 1102 daAuts
     D:9: 1098 daAuts
    D:10: 1036 daAuts
     D:1: 1012 daAuts
     D:3: 711 daAuts
     D:2: 688 daAuts
